[Event "Late-Titled-Tuesday-Blitz-October-17-2023"]
[Site "Chess.com"]
[Date "2023.10.17"]
[Round "11"]
[White "ToddBryant"]
[Black "icy"]
[Result "0-1"]
[WhiteElo "2309"]
[BlackElo "2397"]
[TimeControl "180+1"]
[EndTime "15:57:44 PDT"]
[Termination "icy won by resignation"]

1. e4 d6 2. d4 e5 3. Nf3 Bg4 4. dxe5 Bxf3 5. Qxf3 dxe5 6. Bc4 Qf6 7. Qb3 Nd7 8. Nc3 Nc5 9. Nd5 Nxb3 10. Nxf6+ Nxf6 11. Bxb3 Nxe4 12. O-O Bc5 13. Be3 Bxe3 14. fxe3 f6 15.
Rad1 Ke7 16. Bd5 Nd6 17. b3 c6 18. Bf3 Rhd8 19. c4 Nf7 20. Be4 g6 21. g4 Ng5 22.
Bc2 Rxd1 23. Rxd1 Rd8 24. Rxd8 Kxd8 25. h4 Nf3+ 26. Kg2 Ne1+ 0-1

[Event "Late-Titled-Tuesday-Blitz-October-17-2023"]
[Site "Chess.com"]
[Date "2023.10.17"]
[Round "11"]
[White "Eloist"]
[Black "GoltsevDmitry2000"]
[Result "0-1"]
[WhiteElo "2464"]
[BlackElo "2655"]
[TimeControl "180+1"]
[EndTime "15:57:46 PDT"]
[Termination "GoltsevDmitry2000 won by checkmate"]

1. e4 e6 2. d4 d5 3. Nd2 c5 4.
Ngf3 Nf6 5. exd5 exd5 6. dxc5 Bxc5 7. Nb3 Bb6 8. Bb5+ Nc6 9. O-O O-O 10. Re1 Ng4 11.
Re2 Re8 12. Bg5 f6 13. Bh4 Rxe2 14. Qxe2 a6 15. Bxc6 bxc6 16. c4 Bf5 17. Nfd4 Bd7 18. Nxc6 Qc7 19. Ne7+ Kf7 20. Nxd5 Qxh2+ 21. Kf1 Qh1# 0-1

[Event "Late-Titled-Tuesday-Blitz-October-17-2023"]
[Site "Chess.com"]
[Date "2023.10.17"]
[Round "11"]
[White "Lion_DL"]
[Black "Chessbard1972"]
[Result "1-0"]
[WhiteElo "2440"]
[BlackElo "2331"]
[TimeControl "180+1"]
[EndTime "15:57:56 PDT"]
[Termination "Lion_DL won on time"]

1. a3 a6 2. Nc3 Nc6 3. d4 d5 4.
h3 Bf5 5. Nf3 Nf6 6. Bf4 h6 7.
e3 e6 8. Bd3 Ne7 9. Bxf5 Nxf5 10. Qd3 Bd6 11. Ne5 O-O 12. g4 Nh4 13. Bg3 1-0

[Event "Late-Titled-Tuesday-Blitz-October-17-2023"]
[Site "Chess.com"]
[Date "2023.10.17"]
[Round "11"]
[White "Baku_Boulevard"]
[Black "Beca95"]
[Result "1-0"]
[WhiteElo "3028"]
[BlackElo "2937"]
[TimeControl "180+1"]
[EndTime "15:58:50 PDT"]
[Termination "Baku_Boulevard won by resignation"]

1. e4 e5 2. Nc3 Nf6 3. g3 Bc5 4.
Bg2 d6 5. h3 a5 6. d3 Nc6 7. Nge2 Nd4 8. O-O h6 9. Kh2 c6 10. Be3 b5 11. a3 Be6 12. Qd2 O-O 13. f4 b4 14. Na4 Ba7 15. Nxd4 exd4 16. Bg1 c5 17. b3 Rb8 18. Nb2 Bb6 19. axb4 cxb4 20.
Nc4 Bxc4 21. dxc4 Re8 22. Rfe1 g5 23. fxg5 hxg5 24. Qxg5+ Kh8 25. Rf1 Re6 26. Rxa5 Bxa5 27. Bxd4 Re5 28. Bxe5 dxe5 29. Rxf6 1-0

[Event "Late-Titled-Tuesday-Blitz-October-17-2023"]
[Site "Chess.com"]
[Date "2023.10.17"]
[Round "11"]
[White "Mikasinski"]
[Black "aNaartjieZA"]
[Result "1-0"]
[WhiteElo "2692"]
[BlackElo "2555"]
[TimeControl "180+1"]
[EndTime "15:58:53 PDT"]
[Termination "Mikasinski won by resignation"]

1. e4 e6 2. d4 d5 3. Nd2 Nf6 4. Bd3 c5 5. exd5 exd5 6. dxc5 Nc6 7. Ngf3 Bxc5 8. O-O O-O 9. Nb3 Bd6 10. h3 h6 11.
c3 Re8 12. Bc2 Qe7 13. Re1 Be6 14. Nbd4 Rad8 15. Bf5 Qd7 16. Nxe6 fxe6 17. Bg6 Rf8 18. Qc2 Bb8 19. Be3 b6 20. Rad1 Qc7 21. Bd4 Nxd4 22.
cxd4 Qd6 23. Ne5 Rc8 24. Bf7+ Rxf7 25. Qxc8+ Rf8 26. Qc6 Ne4 27. Qxd6 Bxd6 28. f3 Bxe5 29. fxe4 Bg3 30. Rf1 dxe4 31. Rxf8+ Kxf8 32. Kf1 Ke7 33. Ke2 Bf4 34. g3 Bxg3 35. Rg1 Bf4 36. Rxg7+ Kd6 37.
Rxa7 Kd5 38. Ra4 Bg5 39. Rb4 Bd8 40. h4 Bxh4 41. Rxb6 Bg5 42. a4 h5 43. Rb5+ 1-0

[Event "Late-Titled-Tuesday-Blitz-October-17-2023"]
[Site "Chess.com"]
[Date "2023.10.17"]
[Round "11"]
[White "OLDTERMINATOR"]
[Black "maurovargas01"]
[Result "1-0"]
[WhiteElo "1653"]
[BlackElo "1882"]
[TimeControl "180+1"]
[EndTime "15:59:11 PDT"]
[Termination "OLDTERMINATOR won by checkmate"]

1. e4 c5 2. Nf3 Nc6 3. d4 cxd4 4.
Nxd4 g6 5. Nc3 Bg7 6. Be3 d6 7. Qd2 Nf6 8. f3 Bd7 9. Bc4 O-O 10.
O-O-O Rc8 11. Bb3 a6 12. h4 h5 13. Kb1 Kh7 14. g4 Ne5 15. gxh5 Nxh5 16. Nd5 b5 17.
Nf4 Nc4 18. Bxc4 bxc4 19. Nxh5 gxh5 20. Rhg1 c3 21. Qg2 Rg8 22. Qg5 Rc5 23. Nf5 Bxf5 24.
Qxh5+ Bh6 25. Qxh6# 1-0

[Event "Late-Titled-Tuesday-Blitz-October-17-2023"]
[Site "Chess.com"]
[Date "2023.10.17"]
[Round "11"]
[White "becemix"]
[Black "miraitrunks"]
[Result "0-1"]
[WhiteElo "2410"]
[BlackElo "2218"]
[TimeControl "180+1"]
[EndTime "15:59:22 PDT"]
[Termination "miraitrunks won by resignation"]

1. d4 d5 2. Nc3 Nf6 3. Bf4 c6 4. e3 Bg4 5. Be2 Bxe2 6. Qxe2 e6 7. Nf3 Nbd7 8. O-O Be7 9. e4 Nxe4 10. Nxe4 dxe4 11.
Qxe4 Nf6 12. Qe2 O-O 13. c3 Qd5 14. Ne5 c5 15. Rfd1 cxd4 16. Rxd4 Qc5 17. Rad1 h6 18. Qf3 Qb6 19. Nd7 Nxd7 20. Rxd7 Bf6 21. Rxb7 Qa6 22.
Rb4 Rfd8 23. Rxd8+ Rxd8 24. a3 Rd3 25. Rb8+ Kh7 26.
Qe4+ g6 27. h3 Rd1+ 28. Kh2 Qf1 29. Rb7 Kg7 30. Qe3 g5 31. Be5 Qh1+ 32. Kg3 Qf1 33.
Bxf6+ Kxf6 34. Qf3+ Ke5 35. Rxf7 Rd3 36. Qxd3 Qxd3+ 37. Rf3 Qd2 38. Re3+ Kf5 39. b4 h5 40. a4 h4+ 41. Kh2 e5 42. a5 e4 43. f3 Qxe3 0-1

[Event "Late-Titled-Tuesday-Blitz-October-17-2023"]
[Site "Chess.com"]
[Date "2023.10.17"]
[Round "11"]
[White "RichardShtivelband"]
[Black "nochewycandy"]
[Result "0-1"]
[WhiteElo "2234"]
[BlackElo "2742"]
[TimeControl "180+1"]
[EndTime "15:59:23 PDT"]
[Termination "nochewycandy won by resignation"]

1. d4 g6 2. e4 Bg7 3. Nc3 d6 4.
Nf3 a6 5. Be3 b5 6. e5 Bb7 7.
Bd3 e6 8. Ne4 Bxe4 9. Bxe4 d5 10.
Bd3 Nd7 11. a4 b4 12. c4 dxc4 13. Bxc4 Nb6 14. Qb3 Ne7 15. Qxb4 O-O 16. a5 Nxc4 17. Qxc4 Qd7 18. b4 Rfb8 19. O-O Rb5 20. Rac1 c6 21. Ng5 Rab8 22. Bd2 Bxe5 23. dxe5 Qxd2 24. Ne4 Qxb4 25. Nf6+ Kg7 26. Qe2 Qxa5 27. f4 Rb2 28.
Qg4 Nf5 29. Qg5 h6 30. Nh5+ Kh7 31. Qf6 gxh5 32. Qxf7+ Ng7 33. Rxc6 Qd2 0-1

[Event "Late-Titled-Tuesday-Blitz-October-17-2023"]
[Site "Chess.com"]
[Date "2023.10.17"]
[Round "11"]
[White "lamomiajunior"]
[Black "borocotoajua"]
[Result "1-0"]
[WhiteElo "2732"]
[BlackElo "2574"]
[TimeControl "180+1"]
[EndTime "15:59:23 PDT"]
[Termination "lamomiajunior won on time"]

1. d4 Nf6 2. c4 g6 3. Nc3 d5 4. Nf3 Bg7 5. h4 h5 6. cxd5 Nxd5 7. e4 Nxc3 8. bxc3 c5 9. Be3 Nc6 10. Be2 Bg4 11. d5 Bxc3+ 12. Kf1 Bxf3 13. gxf3 Nd4 14.
Rc1 Qa5 15. Qd3 Nxe2 16. Kxe2 Bd4 17. Bxd4 cxd4 18. Qxd4 Qxa2+ 19. Ke3 O-O 20. Rhg1 Rac8 21. Ra1 Qb3+ 22. Kf4 Rc3 23. Rg3 Qb2 24. Rd1 Rfc8 25. Kg5 Kh7 26. d6 Qb5+ 27. Kf4 f6 28. dxe7 R8c5 29.
Qxf6 Rf5+ 30. exf5 Rc4+ 31. Kg5 1-0

[Event "Late-Titled-Tuesday-Blitz-October-17-2023"]
[Site "Chess.com"]
[Date "2023.10.17"]
[Round "11"]
[White "ChessSwole"]
[Black "kinghunter183"]
[Result "1-0"]
[WhiteElo "2706"]
[BlackElo "2112"]
[TimeControl "180+1"]
[EndTime "15:59:26 PDT"]
[Termination "ChessSwole won on time"]

1. Nf3 d5 2. e3 c5 3. b3 Nc6 4. Bb2 Qc7 5. Bb5 Bd7 6. O-O f6 7. c4 e6 8. cxd5 exd5 9. Nc3 Be6 10. d4 Rd8 11. Rc1 Bd6 12. dxc5 Bxc5 13. Nd4 Bf7 14. Nce2 Bd6 15. Nxc6 bxc6 16. Rxc6 Qb7 17. Nd4 Kf8 18. Rxd6 Rxd6 19. Ba3 Ne7 20. Bxd6 g6 21. Qf3 Kg7 22. h4 h5 23. Qg3 Ng8 24. Rc1 a5 25. Rc7 Qb6 26.
Nf5+ 1-0

[Event "Late-Titled-Tuesday-Blitz-October-17-2023"]
[Site "Chess.com"]
[Date "2023.10.17"]
[Round "11"]
[White "Chessdreamer2020"]
[Black "Sacbutt"]
[Result "1-0"]
[WhiteElo "2495"]
[BlackElo "2250"]
[TimeControl "180+1"]
[EndTime "15:59:34 PDT"]
[Termination "Chessdreamer2020 won on time"]

1. e4 c5 2. Nf3 d6 3. d4 cxd4 4. Qxd4 a6 5. Be2 Nc6 6. Qe3 Nf6 7. h3 g6 8. O-O Bg7 9. Rd1 Bd7 10. c4 O-O 11.
Nc3 Rc8 12. Rb1 Ne5 13. Nxe5 dxe5 14. b3 Qa5 15. Bd2 Qc7 16. Rbc1 e6 17. Bf1 Bc6 18. f3 Nh5 19. Ne2 Rfd8 20. Bc3 Rxd1 21. Rxd1 Rd8 22.
Rd2 Rxd2 23. Qxd2 Qd7 24. Qxd7 Bxd7 25. g3 f5 26. Kf2 Bc6 27. Bg2 Kf7 28. Nc1 Bf6 29. Nd3 Ke7 30. Nxe5 1-0

[Event "Late-Titled-Tuesday-Blitz-October-17-2023"]
[Site "Chess.com"]
[Date "2023.10.17"]
[Round "11"]
[White "NateSolon"]
[Black "ameetghasi100"]
[Result "0-1"]
[WhiteElo "2620"]
[BlackElo "2802"]
[TimeControl "180+1"]
[EndTime "15:59:40 PDT"]
[Termination "ameetghasi100 won by resignation"]

1. d4 g6 2. e4 Bg7 3. Nf3 d6 4. h3 Nf6 5. Bd3 O-O 6. O-O Nc6 7. c3 e5 8. Re1 Nd7 9. Be3 a6 10. a4 Kh8 11. Nbd2 f5 12. exf5 gxf5 13. dxe5 dxe5 14. Bg5 Qe8 15. Nh4 Nc5 16. Bf1 Ne6 17. Nhf3 e4 18. Nxe4 fxe4 19. Rxe4 Qg6 20. Rg4 Nc5 21. Nh4 Qh5 22. f4 Bxg4 23. hxg4 Qf7 24. f5 Ne4 25. Bf4 Qe7 26. Qe1 Rae8 27. Bc4 Qc5+ 28. Kh2 Qxc4 0-1

[Event "Late-Titled-Tuesday-Blitz-October-17-2023"]
[Site "Chess.com"]
[Date "2023.10.17"]
[Round "11"]
[White "Gyulamiryan-koryun"]
[Black "McCarthyStone"]
[Result "0-1"]
[WhiteElo "1947"]
[BlackElo "2416"]
[TimeControl "180+1"]
[EndTime "15:59:50 PDT"]
[Termination "McCarthyStone won by checkmate"]

1. e4 c5 2. Nf3 d6 3. d4 cxd4 4.
Nxd4 Nf6 5. Nc3 a6 6. Be3 e5 7.
Nb3 Be6 8. f3 Be7 9. Qd2 Nbd7 10. O-O-O O-O 11. g4 b5 12. h4 b4 13. Ne2 a5 14. h5 a4 15. Na1 Bxa2 16. g5 Ne8 17. Qxb4 d5 18. Qd2 d4 19. Nxd4 exd4 20. Qxd4 Be6 21.
g6 Bf6 22. gxf7+ Rxf7 23. Qd2 a3 24. c3 axb2+ 25. Qxb2 Qc7 26. Rd3 Nc5 27. Bxc5 Qxc5 28. Nc2 Nd6 29. Qb4 Qxb4 30. Nxb4 Nc4 31. f4 Be7 32. Nc6 Ba3+ 33. Kc2 Rxf4 34. Rh2 Rxf1 35.
Ne7+ Bxe7 36. h6 Ra2+ 37. Kb3 Rb1+ 38. Rb2 Rbxb2# 0-1

[Event "Late-Titled-Tuesday-Blitz-October-17-2023"]
[Site "Chess.com"]
[Date "2023.10.17"]
[Round "11"]
[White "dosto07"]
[Black "Dacean99"]
[Result "1-0"]
[WhiteElo "2530"]
[BlackElo "2614"]
[TimeControl "180+1"]
[EndTime "15:59:52 PDT"]
[Termination "dosto07 won by checkmate"]

1. e4 c5 2. Nf3 Nc6 3. Bb5 g6 4.
Bxc6 bxc6 5. O-O Bg7 6. Re1 e5 7. c3 Ne7 8. d4 exd4 9. cxd4 cxd4 10. Nxd4 O-O 11. Nc3 Rb8 12. Nb3 d6 13. Bf4 Be5 14.
Qd2 Re8 15. Rad1 Qc7 16. Rc1 a5 17. Bxe5 dxe5 18. Red1 Be6 19. Nc5 Qc8 20. b3 Kg7 21. Qd6 Kg8 22. Qxe5 Bg4 23. f3 Nd5 24. Qd4 Nxc3 25.
Rxc3 Be6 26. Qf6 Qc7 27. Nxe6 Rxe6 28. Qd4 Rbe8 29. Qc5 h5 30. Rcd3 Re5 31. Qd4 h4 32. h3 Kh7 33. Qf2 g5 34. Rd7 Qb8 35. Rxf7+ Kg6 36. Rdd7 Qb4 37. Rg7+ Kf6 38. Rdf7+ Ke6 39. Rb7 Qc3 40. Rg6# 1-0

[Event "Late-Titled-Tuesday-Blitz-October-17-2023"]
[Site "Chess.com"]
[Date "2023.10.17"]
[Round "11"]
[White "zverr1"]
[Black "gahryman"]
[Result "0-1"]
[WhiteElo "2518"]
[BlackElo "2685"]
[TimeControl "180+1"]
[EndTime "16:00:02 PDT"]
[Termination "gahryman won by resignation"]

1. e4 c5 2. Nf3 Nc6 3. d4 cxd4 4.
Nxd4 e5 5. Nb5 d6 6. N1c3 a6 7. Na3 Be7 8. Nc4 b5 9. Ne3 Nf6 10. Ned5 O-O 11. Be2 Nd4 12. O-O Nxd5 13. Nxd5 Bg5 14. c3 Nxe2+ 15. Qxe2 Be6 16. Bxg5 Qxg5 17. Nc7 Bc4 18. Qe3 Qxe3 19. fxe3 Ra7 20. Nd5 Bxf1 21. Rxf1 Rb7 22. g4 f6 23. Rd1 Kf7 24. a3 Ke6 25.
Kg2 h5 26. h3 hxg4 27. hxg4 Rh8 28. Kg3 a5 29. Rc1 g6 30. Rf1 Rf7 31. a4 bxa4 32.
Ra1 f5 33. g5 Rh5 34. exf5+ Kxd5 35. fxg6 Rxg5+ 36. Kh4 Rxg6 37. Kh5 Rg2 38. Kh6 Rf3 39.
Rh1 e4 40. Kh5 Rf8 41. Rd1+ Ke5 0-1

[Event "Late-Titled-Tuesday-Blitz-October-17-2023"]
[Site "Chess.com"]
[Date "2023.10.17"]
[Round "11"]
[White "TheMagician"]
[Black "lluiss"]
[Result "1-0"]
[WhiteElo "2235"]
[BlackElo "2208"]
[TimeControl "180+1"]
[EndTime "16:00:03 PDT"]
[Termination "TheMagician won by resignation"]

1. d4 Nf6 2. Nf3 g6 3. c4 Bg7 4. Nc3 d5 5. cxd5 Nxd5 6. e4 Nxc3 7. bxc3 c5 8. Be3 Qa5 9. Qd2 Nc6 10. Rc1 cxd4 11. cxd4 Qxd2+ 12. Kxd2 e6 13. Bb5 O-O 14.
Bxc6 bxc6 15. Ne5 Bxe5 16. dxe5 Bb7 17. Bg5 Rab8 18. Ke3 Rfc8 19. Rc5 Ba6 20. Rhc1 Rb6 21. Bf6 h5 22. h4 Bb5 23. R5c2 Ba4 24. Rd2 c5 25.
Rxc5 Rcb8 26. Rd3 Bb5 27. Rdc3 Be8 28. Rc8 Kf8 29. Kf4 Rb2 30. Rxb8 Rxb8 31. Rc2 a5 32. Rc5 a4 33. a3 Rb3 34. Rc7 Rxa3 35. Be7+ 1-0

[Event "Late-Titled-Tuesday-Blitz-October-17-2023"]
[Site "Chess.com"]
[Date "2023.10.17"]
[Round "11"]
[White "talaicito"]
[Black "topin8"]
[Result "1-0"]
[WhiteElo "2238"]
[BlackElo "2439"]
[TimeControl "180+1"]
[EndTime "16:00:04 PDT"]
[Termination "talaicito won on time"]

1. d4 Nf6 2. Nc3 c5 3. d5 d6 4. e4 g6 5. Be2 Bg7 6. Nf3 O-O 7. Nd2 e6 8. O-O exd5 9. exd5 Nbd7 10. f4 Re8 11. Bf3 Rb8 12. a4 a6 13. a5 b5 14.
axb6 Nxb6 15. Nb3 h5 16. h3 h4 17. Na5 Qc7 18. Nc6 Ra8 19. Re1 Bd7 20. Rxe8+ Bxe8 21. Qe1 Nfxd5 22. Nxd5 Nxd5 23. Na5 Bc6 24. Nxc6 Qxc6 25. c4 Re8 26. Qxh4 Bd4+ 27. Kh2 Bf6 28. cxd5 Bxh4 29. dxc6 Re1 30. c7 1-0

[Event "Late-Titled-Tuesday-Blitz-October-17-2023"]
[Site "Chess.com"]
[Date "2023.10.17"]
[Round "11"]
[White "HajiyevKanan"]
[Black "ElenGajger"]
[Result "1/2-1/2"]
[WhiteElo "2542"]
[BlackElo "2389"]
[TimeControl "180+1"]
[EndTime "16:00:08 PDT"]
[Termination "Game drawn by repetition"]

1. d4 Nf6 2. Nf3 g6 3. g3 Bg7 4.
Bg2 O-O 5. O-O d5 6. b3 c5 7.
Bb2 Ne4 8. Nbd2 Nc6 9. e3 b6 10. Nxe4 dxe4 11. Ne5 Nxe5 12. dxe5 Bb7 13. Qg4 Qc8 14.
Qh4 Qe6 15. Bxe4 Bxe4 16. Qxe4 Rad8 17. Rad1 f6 18. Qb7 fxe5 19. Qxa7 Qf5 20. Rxd8 Rxd8 21.
Qxb6 Rd2 22. Qxc5 Rxc2 23. Qd5+ Kh8 24. Qd8+ Bf8 25. Bxe5+ Kg8 26. Bf4 Rxa2 27. Bh6 Rb2 28. e4 Qf7 29. Bxf8 Qxf8 30. Qd5+ Qf7 31. Qd8+ Qf8 32. Qd3 Qf7 33. Qd8+ Qf8 1/2-1/2

[Event "Late-Titled-Tuesday-Blitz-October-17-2023"]
[Site "Chess.com"]
[Date "2023.10.17"]
[Round "11"]
[White "wgraif"]
[Black "marik_spb"]
[Result "1-0"]
[WhiteElo "2525"]
[BlackElo "2438"]
[TimeControl "180+1"]
[EndTime "16:00:09 PDT"]
[Termination "wgraif won by resignation"]

1. e4 c6 2. d4 d5 3. Nc3 dxe4 4. Bc4 Nf6 5. f3 Bf5 6. fxe4 Nxe4 7. Bxf7+ Kxf7 8.
Qf3 Nf6 9. Qxf5 Qxd4 10. Nf3 Qd6 11. Ng5+ Kg8 12. Bf4 g6 13. Qc8 Qxf4 14. Qe6+ Kg7 15. Qf7+ Kh6 16. Ne6 Nbd7 17. Nxf4 Ne5 18. Qe6 Neg4 19. h3 1-0

[Event "Late-Titled-Tuesday-Blitz-October-17-2023"]
[Site "Chess.com"]
[Date "2023.10.17"]
[Round "11"]
[White "MathiasWomacka"]
[Black "YouShallNotPass001"]
[Result "1-0"]
[WhiteElo "2553"]
[BlackElo "2412"]
[TimeControl "180+1"]
[EndTime "16:00:14 PDT"]
[Termination "MathiasWomacka won by resignation"]

1. e4 c5 2. Nf3 g6 3. d4 Bg7 4.
dxc5 Qa5+ 5. c3 Qxc5 6. Na3 Nc6 7.
Nc4 Nf6 8. Be3 Qh5 9. Bd3 d5 10. exd5 Nxd5 11. Bd2 Qg4 12. O-O Nf4 13. Ne3 Qh5 14.
Bc4 O-O 15. Re1 Rd8 16. Nf1 Bg4 17. Qb3 Bxf3 18. Bxf7+ Kh8 19. Bxf4 Qg4 20. Bg3 Bxg2 21. Kxg2 h5 22. Qe6 Qg5 23. Qxg6 1-0

[Event "Late-Titled-Tuesday-Blitz-October-17-2023"]
[Site "Chess.com"]
[Date "2023.10.17"]
[Round "11"]
[White "SanchezKelvin"]
[Black "egnfanclub"]
[Result "1-0"]
[WhiteElo "2565"]
[BlackElo "2344"]
[TimeControl "180+1"]
[EndTime "16:00:17 PDT"]
[Termination "SanchezKelvin won by resignation"]

1. e4 e5 2. Nf3 Nc6 3. Bb5 a6 4. Ba4 d6 5. c4 Bg4 6. Nc3 Ne7 7. h3 Bd7 8. Bxc6 bxc6 9. d4 f6 10. Be3 g6 11. dxe5 fxe5 12. Qd2 c5 13. Bg5 Bc6 14. Bf6 Rg8 15. Ng5 h6 16. Ne6 Qd7 17. Nxf8 Rxf8 18. Bxe7 Qxe7 19. Qxh6 Qf7 20. O-O O-O-O 21. Nd5 Rh8 22. Qg5 Rdf8 23. f4 Bxd5 24. fxe5 Qe6 25. exd5 Qxe5 26. Qxe5 dxe5 27. Rae1 Rxf1+ 28. Kxf1 Re8 29.
Ke2 Kd7 30. Rf1 Rb8 31. b3 a5 32. Kd3 a4 33. Rf7+ Kd6 34. Rf6+ Kd7 35. bxa4 Rb2 36. Rxg6 Rxa2 37. h4 Rxa4 38. h5 e4+ 39. Kxe4 Rxc4+ 40. Ke5 Rh4 41. g4 c4 42. Kf5 c3 43. Rc6 Rh3 44.
Kg6 Rd3 45. g5 1-0

[Event "Late-Titled-Tuesday-Blitz-October-17-2023"]
[Site "Chess.com"]
[Date "2023.10.17"]
[Round "11"]
[White "alexrustemov"]
[Black "Zhigalko_Sergei"]
[Result "0-1"]
[WhiteElo "2816"]
[BlackElo "2949"]
[TimeControl "180+1"]
[EndTime "16:00:20 PDT"]
[Termination "Zhigalko_Sergei won by resignation"]

1. d4 Nf6 2. Nf3 e6 3. c4 b6 4. Nc3 Bb4 5. Qc2 Bb7 6. a3 Bxc3+ 7. Qxc3 O-O 8. g3 d6 9. Bg2 Nbd7 10. O-O a5 11. b3 h6 12. Bb2 Re8 13. b4 Be4 14. Rfd1 Qb8 15. Bh3 axb4 16. axb4 b5 17. Nd2 Bc6 18.
Rxa8 Bxa8 19. f3 bxc4 20. Qxc4 Nd5 21. Rc1 Rc8 22. b5 c6 23. e4 Ne7 24. bxc6 Qxb2 25. Rc2 Qa1+ 26. Rc1 Qa5 27. Bxe6 Rxc6 28. Bxf7+ Kf8 29.
Qf1 Qxd2 0-1

[Event "Late-Titled-Tuesday-Blitz-October-17-2023"]
[Site "Chess.com"]
[Date "2023.10.17"]
[Round "11"]
[White "FabianoCaruana"]
[Black "Msb2"]
[Result "0-1"]
[WhiteElo "3098"]
[BlackElo "3087"]
[TimeControl "180+1"]
[EndTime "16:00:22 PDT"]
[Termination "Msb2 won by resignation"]

1. e4 e6 2. d4 d5 3. Nc3 Nf6 4. Bg5 dxe4 5. Nxe4 Be7 6. Nxf6+ Bxf6 7. Bxf6 Qxf6 8.
Nf3 O-O 9. Qd2 c5 10. O-O-O Rd8 11. Qe3 Nc6 12. c3 cxd4 13. Nxd4 Nxd4 14. Rxd4 Rxd4 15. Qxd4 Qxd4 16. cxd4 Bd7 17. Kd2 Bc6 18. f3 Rd8 19.
Ke3 Bd5 20. Bd3 Rc8 21. a3 h6 22. h4 f5 23. Rg1 g5 24. hxg5 hxg5 25. Rh1 Kg7 26. Kd2 Rd8 27. Rc1 Bc6 28. Ke3 f4+ 29. Ke2 Rxd4 30. Rh1 g4 31. Rh7+ Kf6 32. Rh6+ Ke5 33.
Bc2 gxf3+ 34. gxf3 Rd6 35. Rh5+ Kd4 36. Rh6 Bd5 37. Rg6 Bc4+ 38. Kd2 Bd5 39. Ke2 Rb6 40. b4 a5 41. bxa5 Rb2 42. Kd1 Bxf3+ 0-1

[Event "Late-Titled-Tuesday-Blitz-October-17-2023"]
[Site "Chess.com"]
[Date "2023.10.17"]
[Round "11"]
[White "rikchessmx"]
[Black "arminmusovic"]
[Result "0-1"]
[WhiteElo "2300"]
[BlackElo "2454"]
[TimeControl "180+1"]
[EndTime "16:00:25 PDT"]
[Termination "arminmusovic won on time"]

1. e4 c6 2. d4 d5 3. Nc3 dxe4 4. Nxe4 Nf6 5. Ng5 h6 6. N5f3 Na6 7. Bxa6 Qa5+ 8. c3 Qxa6 9. Ne2 Bg4 10. O-O Bxf3 11. gxf3 Qb5 12. Ng3 h5 13. b3 h4 14. c4 Qa5 15.
Ne4 Qf5 16. Qe2 O-O-O 17. Bb2 Nh5 18. Kh1 Nf4 19. Qe3 g5 20. Rg1 f6 21. d5 Qh3 22.
Nxg5 fxg5 23. Bxh8 Bh6 24. Be5 Ng6 25. f4 Qf5 26. dxc6 b6 27. Qf3 Nxe5 28. Qe2 Qxf4 29. Rae1 h3 30. Rg3 Bg7 31. Rxh3 Rd2 0-1

[Event "Late-Titled-Tuesday-Blitz-October-17-2023"]
[Site "Chess.com"]
[Date "2023.10.17"]
[Round "11"]
[White "Artem_Koval"]
[Black "PushingpawnsNYC"]
[Result "1-0"]
[WhiteElo "2424"]
[BlackElo "2341"]
[TimeControl "180+1"]
[EndTime "16:00:26 PDT"]
[Termination "Artem_Koval won by resignation"]

1. Nf3 d5 2. b3 Nf6 3. Bb2 g6 4.
e3 Bg7 5. Be2 O-O 6. O-O c5 7. c4 Nc6 8. d4 cxd4 9. exd4 Bg4 10.
Nbd2 e6 11. h3 Bxf3 12. Nxf3 Ne4 13. Bd3 Ng5 14. Ne5 f6 15. Nxc6 bxc6 16. Re1 Qd7 17.
Qd2 Nf7 18. Rad1 Rfe8 19. h4 Rad8 20. h5 e5 21. hxg6 hxg6 22. Bxg6 e4 23. Qf4 Nh6 24. Bxe8 Rxe8 25. cxd5 cxd5 26. Rc1 Re7 27. Ba3 Rf7 28.
Qd6 Qg4 29. Qxd5 Nf5 30. Qxe4 Qg5 31. Rc5 1-0

[Event "Late-Titled-Tuesday-Blitz-October-17-2023"]
[Site "Chess.com"]
[Date "2023.10.17"]
[Round "11"]
[White "mfwagnerpeixoto"]
[Black "DawidCzerw"]
[Result "0-1"]
[WhiteElo "2337"]
[BlackElo "2520"]
[TimeControl "180+1"]
[EndTime "16:00:26 PDT"]
[Termination "DawidCzerw won by resignation"]

1. d4 Nf6 2. Nf3 c5 3. e3 cxd4 4. exd4 d5 5. c4 Bg4 6. Nc3 Bxf3 7. Qxf3 e6 8. Bg5 Be7 9. Bxf6 Bxf6 10. cxd5 Bxd4 11. O-O-O Bxc3 12. Qxc3 O-O 13. dxe6 Qg5+ 14. Qe3 Qxe3+ 15. fxe3 fxe6 16. Bc4 Rc8 17. Kb1 Rxc4 18. Rd8+ Kf7 19. Rf1+ Kg6 20. Rff8 Re4 21. Rxb8 Rxb8 22. Rxb8 b6 23. Kc2 Rxe3 24. Kd2 Re5 25. Rb7 Rd5+ 26.
Ke2 Ra5 27. a3 Rb5 28. b4 a5 29.
bxa5 Re5+ 30. Kf3 bxa5 31. a4 Rc5 32. Rb5 Rxb5 33. axb5 a4 34. b6 a3 35. b7 a2 36.
b8=Q a1=Q 37. Qe8+ Kf6 38. Qf8+ Kg5 39. Qf4+ Kg6 40.
Qe4+ Kf7 41. Qxh7 Qf1+ 42. Kg3 e5 43. Qh5+ Kf6 44. Qh4+ Ke6 45. Qg4+ Kf7 46. Qf3+ Qxf3+ 47. Kxf3 Kf6 48. Ke4 Ke6 49. g4 g5 50. h3 Kd6 51. Kf5 Kd5 52. Kxg5 e4 53. Kf4 Kd4 54. g5 e3 55. g6 e2 56. g7 e1=Q 57. g8=Q Qf2+ 0-1

[Event "Late-Titled-Tuesday-Blitz-October-17-2023"]
[Site "Chess.com"]
[Date "2023.10.17"]
[Round "11"]
[White "Inepton_Fermion"]
[Black "Nekoo04"]
[Result "0-1"]
[WhiteElo "2364"]
[BlackElo "2278"]
[TimeControl "180+1"]
[EndTime "16:00:30 PDT"]
[Termination "Nekoo04 won by checkmate"]

1. Nf3 Nf6 2. b3 d5 3. Bb2 c5 4.
e3 Nc6 5. Bb5 Bg4 6. h3 Bh5 7.
g4 Bg6 8. Ne5 Qc7 9. f4 Be4 10.
Bxc6+ bxc6 11. Rg1 h5 12. d3 Bh7 13. g5 Nd7 14.
Qxh5 Nxe5 15. Bxe5 Qd7 16. Nc3 O-O-O 17. Na4 f6 18.
Nxc5 Qf5 19. e4 dxe4 20. dxe4 Qg6 21. Qxg6 Bxg6 22. gxf6 exf6 23. Rxg6 Bxc5 24. Bc3 Rxh3 25. Bb2 Re3+ 26. Kf1 Rd2 27. Rxg7 Rxc2 28. Rc1 Rf3+ 29.
Ke1 Bb4+ 30. Kd1 Rd2+ 31. Ke1 Rxb2+ 32. Kd1 Rf1# 0-1

[Event "Late-Titled-Tuesday-Blitz-October-17-2023"]
[Site "Chess.com"]
[Date "2023.10.17"]
[Round "11"]
[White "campochess"]
[Black "KorolDimitriy75"]
[Result "1-0"]
[WhiteElo "2203"]
[BlackElo "2313"]
[TimeControl "180+1"]
[EndTime "16:00:31 PDT"]
[Termination "campochess won on time"]

1. d4 Nf6 2. Bg5 Ne4 3. h4 c5 4. d5 Qb6 5. Bc1 g6 6. c3 Nf6 7. Na3 d6 8. Nc4 Qc7 9. a4 Bg7 10. Nf3 O-O 11. Bg5 b6 12. Bxf6 Bxf6 13. e4 Bg4 14.
Be2 Nd7 15. Nfd2 Bxe2 16. Qxe2 e6 17. h5 exd5 18. exd5 Rfe8 19. Ne3 Bg7 20. hxg6 hxg6 21. O-O Nf6 22. Qc4 Re7 23. a5 Rae8 24. axb6 axb6 25. Qb3 Bh6 26. Ndc4 Nd7 27. Rfd1 Re4 28. Qb5 Kg7 29. Qc6 Qb8 30. Qxd7 Bxe3 31. Nxe3 R4e7 32. Qg4 Re4 33. Qg3 Qd8 34. Nf5+ Kg8 35. Nxd6 R8e5 36. Nxe4 Rxe4 37. d6 Qd7 38. Ra8+ 1-0

[Event "Late-Titled-Tuesday-Blitz-October-17-2023"]
[Site "Chess.com"]
[Date "2023.10.17"]
[Round "11"]
[White "TanitoluwaAps116"]
[Black "Payyappat"]
[Result "1-0"]
[WhiteElo "2627"]
[BlackElo "2508"]
[TimeControl "180+1"]
[EndTime "16:00:35 PDT"]
[Termination "TanitoluwaAps116 won by resignation"]

1. e4 c6 2. d4 d5 3. exd5 cxd5 4. Bd3 Nc6 5. c3 Qc7 6. Ne2 Bg4 7. O-O e6 8. Qe1 Bd6 9. f3 Bh5 10. Qh4 Nf6 11. Bg5 Bg6 12. Bxg6 fxg6 13. Bxf6 gxf6 14. Qxf6 Kd7 15. Na3 a6 16. Rae1 Rae8 17. g3 Kc8 18. Nc2 Rhf8 19. Qg5 e5 20. Kg2 Rf5 21. Qg4 Qf7 22.
Ne3 exd4 23. Nxd4 Nxd4 24. cxd4 Kd7 25. Nxf5 gxf5 26. Qg5 Rc8 27. Re2 Rg8 28. Qd2 h5 29. f4 h4 30. Rf3 Qh5 31. Qe3 Rh8 32. Qe6+ 1-0